Map: Orbital Shipyard

Players

llllllllllll (Harstem) - Winner!

  • Race: Zerg Zerg

Wintersc2 (Winter)

  • Race: Terran Terran

VOD

Have the link to the VOD?

Description

Time

  • Played on: April 8, 2015, 6:24 p.m.
  • Length: 1:40
Show
View Real Time Build Order
Export as new Build Order

llllllllllll Zerg - Winner!

Build Orders: Hatch First 

Get SALT Encoding   

  12  0:01  Drone  
  13  0:12  Overlord  
  13  0:17  Drone  
  14  0:31  Drone x2  
  16  0:35  Drone  
  17  0:55  Hatchery  
  16  0:59  Drone  
  16  1:01  Extractor  
  16  1:12  Spawning Pool  
  16  1:14  Drone  
  16  1:18  Drone  
  17  1:24  Drone  
Show
View Real Time Build Order
Export as new Build Order

Wintersc2 Terran 

Build Orders:  

Get SALT Encoding   

  12  0:01  SCV  
  13  0:13  SCV  
  14  0:25  Supply Depot  
  14  0:32  SCV  
  15  1:18  Command Center  
  15  1:19  SCV  
Tags
 
Add a new tag
Caveats
  • Supply blocks, unpowered buildings, or Contaminate may cause inaccurate times.
  • Supply counts are checked every 10 seconds.